 Dungeon Crawl Stone Soup version 0.21.1-1-g345015f (webtiles) character file.

2813 kae the Martial Artist (level 9, -3/69 HPs)
             Began as a Demonspawn Transmuter on May 18, 2018.
             Was a Believer of Wu Jian.
             Slain by a centaur (4 damage)
             ... on level 7 of the Dungeon.
             The game lasted 00:15:18 (10649 turns).

kae the Martial Artist (Demonspawn Transmuter)     Turns: 10649, Time: 00:15:19

Health: -3/69      AC:  2    Str: 15    XL:     9   Next: 44%
Magic:  0/12       EV: 20    Int: 14    God:    Wu Jian [**....]
Gold:   339        SH:  0    Dex: 23    Spells: 6/12 levels left

rFire    . . .     SeeInvis .     - Unarmed
rCold    . . .     Gourm    .   (shield currently unavailable)
rNeg     . . .     Faith    .   (armour currently unavailable)
rPois    x         Spirit   +   (helmet currently unavailable)
rElec    .         Reflect  +   (cloak currently unavailable)
rCorr    .         Harm     .   (gloves currently unavailable)
MR       .....                  (boots currently unavailable)
Stlth    +.........             f - +5 amulet of reflection
HPRegen  0.21/turn              (no ring)
MPRegen  0.13/turn              (no ring)

@: confused, mighty, spider-form (expiring), flying
A: tiny, powered by pain 1, magic shield
a: End Transformation, Wall Jump, Renounce Religion


You were on level 7 of the Dungeon.
You worshipped Wu Jian.
Wu Jian was pleased with you.
You were hungry.
You were a venomous arachnid creature.
You visited 2 branches of the dungeon, and saw 8 of its levels.

You collected 339 gold pieces.

Inventory:

Missiles
 a - 67 arrows
Armour
 b - a +1 robe (melded)
 g - a +0 pair of gloves (melded)
 l - a scarf of resistance (melded)
 n - a +2 scale mail of fire resistance
Jewellery
 f - a +5 amulet of reflection (around neck)
Wands
 w - a wand of flame (31)
Scrolls
 e - 2 scrolls of remove curse
 h - 3 scrolls of teleportation
 j - a scroll of enchant armour
 p - a scroll of identify
 r - a scroll of immolation {unknown}
 v - a scroll of enchant weapon
Potions
 m - a potion of invisibility {unknown}
 o - 2 potions of lignification {unknown}
 q - 4 potions of brilliance
 u - a potion of might {unknown}
Books
 c - a book of Changes

   Spells                             Type                      Level
   a - Beastly Appendage              Transmutation                1
   b - Sticks to Snakes               Transmutation                2
   c - Spider Form                    Transmutation/Poison         3
   d - Ice Form                       Ice/Transmutation            4
   e - Blade Hands                    Transmutation                5
 t - a book of Cantrips

   Spells                             Type                      Level
   a - Confusing Touch                Hexes                        1
   b - Animate Skeleton               Necromancy                   1
   c - Summon Small Mammal            Summoning                    1
   d - Apportation                    Translocation                1
Comestibles
 d - 16 rations


   Skills:
 + Level 5.8 Fighting
 - Level 1.7 Dodging
 * Level 8.0 Unarmed Combat
 - Level 2.1 Spellcasting
 * Level 7.8 Transmutations


You had 6 spell levels left.
You knew the following spells:

 Your Spells              Type           Power        Failure   Level  Hunger
a - Beastly Appendage     Tmut           ###...       4%          1    ##.....
b - Sticks to Snakes      Tmut           ###.....     6%          2    ###....
c - Spider Form           Tmut/Pois      ##........   32%         3    ####...


Dungeon Overview and Level Annotations

Branches:
Dungeon (7/15)             Temple (1/1) D:4

Altars:
Ashenzari
Cheibriados
Dithmenos
Elyvilon
Fedhas
Gozag
Hepliaklqana
Kikubaaqudgha
Makhleb
Nemelex Xobeh
Okawaru
Qazlal
Sif Muna
Trog
Vehumet
Wu Jian
Xom
Yredelemnul
Zin
The Shining One

Shops:
D:5 %

Annotations:
D:6 kae's ghost, novice DsTm
D:7 exclusion: 3 doors


Innate Abilities, Weirdness & Mutations

((You have a pair of antennae on your head.))
You sometimes gain a little power by taking damage.
When hurt, damage is shared between your health and your magic reserves.


Message History

The centaur unwields an uncursed shortbow.
The centaur closely misses you. The ogre misses you.
The gnoll sergeant misses you. The centaur completely misses you.
It was a potion of flight.
You feel very buoyant.
You fly up into the air.
The centaur barely misses you. The gnoll sergeant misses you.
The ogre hits you with a giant spiked club!!
* * * LOW HITPOINT WARNING * * *
You focus on the pain.
You feel your power returning.
You are confused.
You feel invigorated.
Your transformation is almost over.
The centaur completely misses you.
The gnoll sergeant hits you from afar with a spear of freezing!
* * * LOW HITPOINT WARNING * * *
The gnoll sergeant freezes you.
* * * LOW HITPOINT WARNING * * *
The centaur hits you.
You die...

#.....##.........#
#.....##.........###############
#........()..........)..........
##...#.###.....)..############..#
##..[#...')......## #...
.#...#.###.).))..# #... ..[..#.#
#....(..#### #...
.......###....g.....# #...
.........#...).Os...# #...
P)#.#......#####.c..### #...
...>................'.##### #.##
P))##.#..#..........#.....# #.#
..).#.#..#[#####.#####....# #.#
......#.... .##.# #....# #.#
......# .. ....# #....# #.#
......# ......## #....# #.#
.....(# ....... #....# #.#


You could see an ogre, a gnoll sergeant and a centaur.

Vanquished Creatures
  Grinder (D:3)
  Sigmund (D:5)
  Edmund (D:6)
  A black bear (D:6)
  An orc warrior (D:7)
  2 phantoms
  5 ogres
  The ghost of RedG the Covered, an amateur HaFi (D:3)
  2 big kobolds
  Blork the orc (D:5)
  2 bullfrogs (D:7)
  2 scorpions
  2 howler monkeys (D:7)
  3 crimson imps (D:5)
  A centaur skeleton (D:6)
  4 orc priests
  3 hounds
  2 iguanas
  2 worker ants (D:6)
  An orc wizard (D:5)
  A howler monkey zombie (D:7)
  6 gnolls (D:7)
  11 adders
  A shadow imp (D:5)
  3 oozes
  An adder zombie (D:1)
  2 worms (D:3)
  8 leopard geckos
  24 orcs
  9 bats
  4 giant cockroaches
  9 goblins
  11 hobgoblins
  4 jackals
  10 kobolds
  2 quokkas (D:4)
  2 ball pythons (D:4)
  7 frilled lizards
  2 leopard gecko zombies
  9 rats
  2 plants (D:7)
166 creatures vanquished.

Vanquished Creatures (collateral kills)
  The ghost of bmj180 the Covered, a novice MiFi (D:5)
  A bat (D:3)
  A rat (D:3)
3 creatures vanquished.

Vanquished Creatures (others)
  A kobold (D:3)
1 creature vanquished.

Grand Total: 170 creatures vanquished

Notes
Turn   | Place    | Note
-------+----------+-------------------------------------------
     0 | D:1      | kae the Demonspawn Transmuter began the quest for the Orb.
     0 | D:1      | Reached XP level 1. HP: 15/15 MP: 3/3
    95 | D:1      | Gained mutation: When hurt, damage is shared between your health and your magic reserves. [demonic ancestry]
    95 | D:1      | Reached XP level 2. HP: 17/21 MP: 5/5
   418 | D:1      | Reached skill level 3 in Unarmed Combat
  1150 | D:2      | Reached XP level 3. HP: 15/26 MP: 2/6
  1844 | D:2      | Gained mutation: You sometimes gain a little power by taking damage. [demonic ancestry]
  1844 | D:2      | Reached XP level 4. HP: 25/33 MP: 7/7
  1961 | D:2      | Learned a level 2 spell: Sticks to Snakes
  1965 | D:2      | Learned a level 3 spell: Spider Form
  2420 | D:3      | Noticed RedG's ghost (amateur HaFi)
  2527 | D:3      | Killed RedG's ghost
  2527 | D:3      | Reached skill level 4 in Unarmed Combat
  2527 | D:3      | Reached XP level 5. HP: 24/39 MP: 5/8
  3510 | D:3      | Noticed Grinder
  3534 | D:4      | Noticed a phantom
  3560 | D:4      | Killed a phantom
  3560 | D:4      | Reached XP level 6. HP: 27/46 MP: 5/9
  3865 | D:4      | Found an opulent altar of Gozag.
  3878 | D:4      | Found a white marble altar of Elyvilon.
  3880 | D:4      | Found an iron altar of Okawaru.
  3901 | D:4      | Found a shimmering altar of Xom.
  4761 | D:4      | Found a staircase to the Ecumenical Temple.
  5096 | Temple   | Entered the Ecumenical Temple
  5104 | Temple   | Became a worshipper of the Wu Jian Council
  5425 | D:3      | Reached skill level 5 in Unarmed Combat
  5513 | D:3      | Gained mutation: You have a pair of small antennae on your head. [demonic ancestry]
  5513 | D:3      | Reached XP level 7. HP: 51/52 MP: 8/10
  5587 | D:3      | Killed Grinder
  5587 | D:3      | Reached skill level 5 in Transmutations
  5818 | D:3      | Found a radiant altar of Vehumet.
  5824 | D:3      | Found a basalt altar of Yredelemnul.
  5912 | D:5      | Entered Level 5 of the Dungeon
  6224 | D:5      | Noticed Blork the orc
  6241 | D:5      | Killed Blork the orc
  6520 | D:5      | Noticed bmj180's ghost (novice MiFi)
  6550 | D:5      | Killed bmj180's ghost
  6550 | D:5      | Reached skill level 6 in Unarmed Combat
  6550 | D:5      | Reached XP level 8. HP: 5/60 MP: 1/11
  6906 | D:5      | Noticed Sigmund
  6918 | D:5      | Killed Sigmund
  7187 | D:5      | Reached * piety under Wu Jian
  7365 | D:5      | Found Qytepif's Food Emporium.
  7383 | D:5      | Found a shattered altar of Ashenzari.
  7755 | D:6      | Noticed kae's ghost (novice DsTm)
  8194 | D:6      | Noticed Edmund
  8223 | D:6      | Killed Edmund
  8570 | D:5      | HP: 3/61 [poisoned by a scorpion]
  8575 | D:5      | HP: 2/61 [poisoned by a scorpion]
  8582 | D:5      | HP: 1/61 [poisoned by a scorpion]
  8799 | D:6      | Reached skill level 7 in Unarmed Combat
  8959 | D:6      | Reached skill level 5 in Fighting
  9835 | D:7      | Gained mutation: You have a pair of antennae on your head. [demonic ancestry]
  9835 | D:7      | Reached XP level 9. HP: 58/68 MP: 7/12
 10292 | D:7      | Reached ** piety under Wu Jian
 10492 | D:7      | Found a shadowy altar of Dithmenos.
 10624 | D:7      | Reached skill level 8 in Unarmed Combat
 10648 | D:7      | HP: 2/69 [ogre/giant spiked club (20)]
 10649 | D:7      | Slain by a centaur

Skill      XL: |  1  2  3  4  5  6  7  8  9 |
---------------+----------------------------+-----
Transmutations | 2 3 4 5 7 |  7.8
Unarmed Combat | 3 4 5 6 7 8 |  8.0
Fighting       | 2 3 4 5 |  5.8
Dodging        | |  1.7
Spellcasting   | |  2.1

Action                   |  1- 3 |  4- 6 |  7- 9 || total
-------------------------+-------+-------+-------++-------
Melee: Unarmed           |   119 |   263 |   401 ||   783
       Headbutt          |     3 |    13 |       ||    16
       Kick              |     2 |    19 |    23 ||    44
       Punch             |       |       |     9 ||     9
 Cast: Beastly Appendage |    10 |    28 |    13 ||    51
       Sticks to Snakes  |       |     3 |    15 ||    18
       Spider Form       |       |       |    20 ||    20
Invok: Lunge             |       |     2 |    20 ||    22
       Whirlwind         |       |       |    16 ||    16
       Wall Jump         |       |       |     2 ||     2
  Use: Scroll            |     3 |     7 |     5 ||    15
       Potion            |       |     4 |     4 ||     8
 Stab: Distracted        |       |     2 |     4 ||     6
       Sleeping          |       |     1 |     1 ||     2
  Eat: Chunk             |     2 |    14 |    13 ||    29
       Ration            |       |       |     2 ||     2
Armor: Robe              |    27 |    45 |    20 ||    92
       Skin              |       |       |     3 ||     3
Dodge: Dodged            |    95 |   170 |   197 ||   462
Block: Other             |       |    12 |    48 ||    60
       Reflection        |       |       |     3 ||     3
